 Dungeon Crawl Stone Soup version 0.25.1-8-g42b30a86e7 (webtiles) character file.

Game seed: 12389422254417836601

34 Gabide the Skirmisher (level 3, -1/29 HPs)
             Began as a Human Abyssal Knight on Dec 6, 2020.
             Was a Follower of Lugonu.
             Slain by a gnoll
             ... wielding a +0 club
              (5 damage)
             ... on level 1 of the Dungeon.
             The game lasted 00:04:10 (1808 turns).

Gabide the Skirmisher (Human Abyssal Knight)        Turns: 1808, Time: 00:04:11

Health: -1/29      AC:  3    Str: 13    XL:     3   Next: 50%
Magic:  4/4        EV: 11    Int: 12    God:    Lugonu [*.....]
Gold:   78         SH:  0    Dex: 12    Spells: 2/2 levels left

rFire    . . .     SeeInvis .   a - +2 spear
rCold    . . .     Gourm    .   (no shield)
rNeg     . . .     Faith    .   b - +0 leather armour
rPois    .         Spirit   .   (no helmet)
rElec    .         Reflect  .   (no cloak)
rCorr    .         Harm     .   (no gloves)
MR       .....                  (no boots)
Stlth    +.........             (no amulet)
HPRegen  0.09/turn              (no ring)
MPRegen  0.09/turn              (no ring)

@: no status effects
A: no striking features
a: Depart the Abyss, Renounce Religion


You were on level 1 of the Dungeon.
You worshipped Lugonu.
Lugonu was aware of your devotion.
You were not hungry.

You visited 1 branch of the dungeon, and saw 2 of its levels.
You visited the Abyss 1 time.

You collected 78 gold pieces.

Inventory:

Hand Weapons
 a - a +2 spear (weapon)
Missiles
 e - 11 stones (quivered)
Armour
 b - a +0 leather armour (worn)
Jewellery
 h - an uncursed ring of fire
 i - an uncursed ring of fire
Scrolls
 d - 2 scrolls of remove curse
 l - 2 scrolls of identify
Potions
 f - 3 potions of cancellation
 g - a potion of stabbing {unknown}
 j - a potion of magic {unknown}
 m - a potion of berserk rage {unknown}
Comestibles
 c - 2 rations


   Skills:
 + Level 3.4 Fighting
 * Level 2.4 Polearms
 * Level 1.0 Throwing
 + Level 2.2 Armour
 + Level 1.0 Dodging
 * Level 2.3 Invocations


You had 2 spell levels left.
You didn't know any spells.
Your spell library was empty.

Dungeon Overview and Level Annotations

Branches:
Dungeon (2/15)

Altars:


Message History

The gnoll hits you with a +0 club. The gnoll hits you with a +0 club!
You are too injured to fight recklessly!
You are too injured to fight recklessly!
You are too injured to fight recklessly!
You are too injured to fight recklessly!
You are too injured to fight recklessly!
You are too injured to fight recklessly!
You are too injured to fight recklessly!
You are too injured to fight recklessly!
You are too injured to fight recklessly!
You are too injured to fight recklessly!
You are too injured to fight recklessly!
You are too injured to fight recklessly!
You are too injured to fight recklessly!
The gnoll hits you with a +0 club. x2
* * * LOW HITPOINT WARNING * * *
You climb upwards.
There is a stone staircase leading down here.
You barely miss the gnoll. The gnoll hits you with a +0 club.
You die...

..# #.###'#####+#'#####.#### ..#
#.# #..........####+#### ..# #.#
#..........##....... ..# #.#
#..........++......) ..# #.#
#..........##....(.. ..# #.#
#.#####+#...#.#..... ..# ####.#
#.# #........#..... ..# #....#
#.####.............. #######....#
#.#@##........#.....
.....##....###.#g##........#.#...
.###.##......#.#g##........#.#.#.
.# #.##......#'#.###+#+###.#...#+
.# #.##..........# #.#.# #.#.....
.# #.#####.......###.#.# #.#.....
.# #.# #...........#.# #.#..)..
.# #.#####...........#.###.#.....
.###.......###+#.................


You could see 2 gnolls.

Vanquished Creatures
  A gnoll (D:2)
  A leopard gecko (D:1)
  A ball python (D:1)
  2 giant cockroaches (D:1)
  2 goblins (D:1)
  4 hobgoblins
  3 kobolds
  4 bats (D:1)
  A frilled lizard (D:2)
  A rat (D:1)
20 creatures vanquished.

Notes
Turn   | Place    | Note
-------+----------+-------------------------------------------
     0 | Abyss:1  | Gabide the Human Abyssal Knight began the quest for the
                  | Orb.
     0 | Abyss:1  | Reached XP level 1. HP: 18/18 MP: 2/2
    49 | D:1      | Escaped the Abyss
   535 | D:1      | Reached XP level 2. HP: 24/24 MP: 3/3
   747 | D:1      | Reached * piety under Lugonu
  1145 | D:1      | Reached XP level 3. HP: 28/29 MP: 4/4
  1800 | D:2      | Reached skill level 1 in Throwing
  1808 | D:1      | Slain by a gnoll

Illustrated notes

Levels and vault maps discovered:
D:1:      tarquinn_simple_flora_water_c, layout_basic, minmay_nonomino_d4
D:2:      layout_basic, serial_bayou_crossing

Skill      XL: |  1  2  3 |
---------------+----------+-----
Throwing       | 1 |  1.0
Fighting       | |  3.4
Polearms       | |  2.4
Armour         | |  2.2
Dodging        | |  1.0
Invocations    | |  2.3

Action                   || total
-------------------------++-------
Melee: Spear             ||    96
Throw: Stone             ||    28
Invok: Depart the Abyss  ||     1
  Use: Scroll            ||     5
  Eat: Chunk             ||     1
       Ration            ||     1
Armor: Leather armour    ||    22
Dodge: Dodged            ||    58
